 Dungeon Crawl Stone Soup version bcrawl-1.12.2 (webtiles) character file.

Game seed: 4305224513900706322

265 Ebbett the Ruffian (level 5, 0/48 HPs)
             Began as a Troll Transmuter on July 24, 2019.
             Slain by a sky beast (5 damage)
             ... on level 4 of the Dungeon.
             The game lasted 00:04:50 (2743 turns).

Ebbett the Ruffian (Troll Transmuter)               Turns: 2743, Time: 00:04:51

Health: 0/48       AC:  6    Str: 19    XL:     5   Next: 99%
Magic:  6/6        EV: 10    Int: 10    God:
Gold:   207        SH:  0    Dex: 10    Spells: 6/7 levels left

rFire    . . .     SeeInvis .     - Unarmed
rCold    . . .     Gourm    +   (no shield)
rNeg     . . .     Faith    .   (armour unavailable)
rPois    .         Spirit   .   (helmet restricted)
rElec    .         Reflect  .   (no cloak)
rCorr    .         Harm     .   (gloves unavailable)
MR       .....                  (boots unavailable)
Stlth    +.........             m - amulet of the gourmand
HPRegen  0.56/turn              (no ring)
MPRegen  0.10/turn              (no ring)

@: no status effects
A: large, almost no armour, unfitting armour, claws 3, fast metabolism 3,
gourmand, regeneration 1, AC +6
a: no special abilities


You were on level 4 of the Dungeon.
You were not hungry.

You visited 1 branch of the dungeon, and saw 4 of its levels.

You collected 207 gold pieces.

Inventory:

Missiles
 a - 296 arrows
Jewellery
 m - an amulet of the gourmand (around neck)
Scrolls
 b - 2 scrolls of enchant armour {unknown}
 e - a scroll of magic mapping {unknown}
 f - a scroll of fear {unknown}
 g - 2 scrolls of teleportation {unknown}
 h - 3 scrolls of identify {unknown}
 i - a scroll of remove curse {unknown}
 k - 2 scrolls of enchant weapon {unknown}
Potions
 c - a potion of lignification
 j - 2 potions of berserk rage {unknown}
 l - a potion of curing {unknown}
Comestibles
 d - 9 rations {!d}


   Skills:
 + Level 1.0 Fighting
 + Level 2.5 Dodging
 + Level 0.5 Stealth
 + Level 5.7 Unarmed Combat
 + Level 1.9 Spellcasting
 + Level 1.3 Transmutations


You had 6 spell levels left.
You knew the following spells:

 Your Spells              Type           Power        Failure   Level  Hunger
a - Beastly Appendage     Tmut           #.....       19%         1    ##.....

Your spell library contained the following spells:

 Spells                   Type           Power        Failure   Level  Hunger
 Sticks to Snakes         Tmut           #.......     26%         2    ###....
 Spider Form              Tmut/Pois      #..          58%         3    ####...
 Ice Form                 Ice/Tmut       #.......     94%         4    #####..
 Blade Hands              Tmut           #.........   99%         5    ######.


Dungeon Overview and Level Annotations

Branches:
Dungeon (4/12)             Temple (0/1) D:4

Altars:
Cheibriados
Ru


Innate Abilities, Weirdness & Mutations

You cannot wear most types of armour.
Your thick skin is tough. (AC +6)
You are too large for most types of armour.
You have claws for hands.
Your metabolism is lightning-fast.
You like to eat raw meat.
Your natural rate of healing is unusually fast.


Message History

You kill the bullfrog!
Something hits you but does no damage.
An orc comes into view.
You see here a bullfrog corpse.
The orc shouts!
You scratch the orc wizard.
The orc wizard is moderately wounded.
The orc wizard points at you and mumbles some strange words.
The magic dart hits you!
* * * LOW HITPOINT WARNING * * *
Something hits you but does no damage.
You barely miss the orc wizard.
The orc wizard is moderately wounded.
The orc wizard casts a cantrip, but nothing happens.
A sky beast appears from thin air!
Reactivating autopickup.
The sky beast hits you.
* * * LOW HITPOINT WARNING * * *
The sky beast shocks you.
You die...

#########.# ......# #.#
#.# #####.# #.## #.#
#...#.###..####.##.
...................
#.#.#.###...###.##.
#.#.#.# #.#.###.#######.
....#.###.#..##....o..o.
._..#.##.......Y@o5..#
....#.##...#..#.........
..#.#.#..#..#.######.#.⌠
^.#.#....#....# ..
.##.#... ##.... . ..
...... ...#...#
.>..###.# ..... .#


You could see a sky beast, an orc priest, an orc wizard, a crimson imp and an
orc.

Vanquished Creatures
  A bullfrog (D:4)
  An orc wizard (D:2)
  Jessica (D:3)
  A worker ant (D:4)
  A hound zombie (D:3)
  A gnoll (D:1)
  An ooze (D:1)
  An adder skeleton (D:4)
  5 worms
  4 leopard geckos
  5 orcs (D:3)
  2 giant cockroaches (D:1)
  4 goblins
  11 hobgoblins
  4 jackals (D:2)
  10 kobolds
  4 quokkas
  A ball python (D:1)
  7 bats
  4 frilled lizards
  A jackal skeleton (D:3)
  4 rats
74 creatures vanquished.

Notes
Turn   | Place    | Note
-------+----------+-------------------------------------------
     0 | D:1      | Ebbett the Troll Transmuter began the quest for the Orb.
     0 | D:1      | Reached XP level 1. HP: 18/18 MP: 2/2
    54 | D:1      | Reached XP level 2. HP: 21/26 MP: 3/3
   190 | D:1      | Reached skill level 4 in Unarmed Combat
   253 | D:1      | Reached XP level 3. HP: 13/32 MP: 4/4
  1307 | D:2      | Found a sacrificial altar of Ru.
  1321 | D:2      | Gained mutation: Your natural rate of healing is unusually
                  | fast. [Troll growth]
  1321 | D:2      | Reached XP level 4. HP: 39/40 MP: 5/5
  1559 | D:2      | Reached skill level 1 in Fighting
  2111 | D:3      | Noticed Jessica
  2121 | D:3      | Killed Jessica
  2121 | D:3      | Reached XP level 5. HP: 46/48 MP: 6/6
  2312 | D:3      | Reached skill level 5 in Unarmed Combat
  2705 | D:4      | Found a snail-covered altar of Cheibriados.
  2726 | D:4      | Noticed a sky beast
  2727 | D:4      | Found a staircase to the Ecumenical Temple.
  2743 | D:4      | Slain by a sky beast

Skill      XL: |  1  2  3  4  5 |
---------------+----------------+-----
Unarmed Combat | 4 5 |  5.7
Dodging        | 2 |  2.5
Fighting       | 1 |  1.0
Stealth        | |  0.5
Spellcasting   | |  1.9
Transmutations | |  1.3

Action                   |  1- 3 |  4- 6 || total
-------------------------+-------+-------++-------
Melee: Unarmed           |    97 |    95 ||   192
       Punch             |       |     2 ||     2
 Cast: Beastly Appendage |       |     1 ||     1
  Eat: Chunk             |     4 |    11 ||    15
Armor: Skin              |    36 |    38 ||    74
Dodge: Dodged            |    58 |    52 ||   110
